 Dungeon Crawl Stone Soup version 0.24.0-123-gd5b16e6ec5 (webtiles) character file.

Game seed: 12666563202583378955, levelgen mode: deterministic

46475 Ereth the Brawler (level 14, -2/127 HPs)
             Began as a Troll Fighter on Dec 17, 2019.
             Was a High Priest of Okawaru.
             Killed from afar by a starcursed mass (5 damage)
             ... with an accursed screaming
             ... on level 3 of the Abyss.
             The game lasted 00:49:03 (13378 turns).

Ereth the Brawler (Troll Fighter)                  Turns: 13378, Time: 00:49:04

Health: -2/127     AC: 21    Str: 29    XL:     14   Next: 5%
Magic:  5/15       EV: 13    Int:  6    God:    Okawaru [*****.]
Gold:   1017       SH: 14    Dex:  7    Spells: 12/13 levels left

rFire    + . .     SeeInvis +     - Unarmed
rCold    x . .     Gourm    +   b - +1 shield
rNeg     . . .     Faith    .   g - +6 swamp dragon scales of Fitut {rPois Int+2}
rPois    +         Spirit   .   x - +2 hat
rElec    .         Reflect  .   (no cloak)
rCorr    .         Harm     .   (gloves unavailable)
MR       +....                  (boots unavailable)
Stlth    +++.......             D - amulet of rage
HPRegen  0.71/turn              G - ring of see invisible
MPRegen  0.14/turn              u - ring of fire

@: heroism, slowed, very slow
A: large, unfitting armour, claws 3, [blurry vision 3], [clumsy 2], fast
metabolism 3, gourmand, regeneration 1, [screaming 2], shaggy fur 1, tough skin
3
a: Heroism, Finesse, Renounce Religion, Evoke Berserk Rage


You were on level 3 of the Abyss.
You worshipped Okawaru.
Okawaru was extremely pleased with you.
You were full.

You visited 2 branches of the dungeon, and saw 16 of its levels.
You visited the Abyss 1 time.
You also visited: Ossuary.

You collected 1017 gold pieces.

Inventory:

Missiles
 n - 23 boomerangs (quivered)
 A - 15 large rocks
 K - 6 silver javelins
Armour
 b - a +1 shield (worn)
 g - the +6 swamp dragon scales of Fitut (worn) {rPois Int+2}
   (Okawaru gifted it to you on level 12 of the Dungeon)

   It affects your intelligence (+2).
   It protects you from poison.
 x - a +2 hat (worn)
 N - a +1 robe of cold resistance
 O - a +1 robe of magic resistance
Jewellery
 u - a ring of fire (right claw)
 D - an amulet of rage (around neck)
 G - a ring of see invisible (left claw)
Wands
 s - a wand of polymorph (3)
 y - a wand of paralysis (8)
Scrolls
 a - 3 scrolls of vulnerability
 j - 3 scrolls of enchant weapon
 p - 3 scrolls of remove curse
 w - a scroll of identify
 z - a scroll of immolation
 E - a scroll of amnesia
 F - a scroll of summoning
 J - 2 scrolls of teleportation
 L - 2 scrolls of fear
Potions
 c - 2 potions of might
 e - 10 potions of curing
 f - 2 potions of resistance
 h - 3 potions of lignification
 i - 3 potions of ambrosia
 k - 3 potions of agility
 l - 4 potions of heal wounds
 m - a potion of magic
 o - a potion of berserk rage
 q - 3 potions of haste
 r - 4 potions of flight
 t - 10 potions of degeneration
 v - a potion of invisibility
 B - 6 potions of mutation
 H - a potion of cancellation {unknown}
Miscellaneous
 M - a fan of gales
Comestibles
 d - 26 rations


   Skills:
 + Level 5.2(10.2) Fighting
 + Level 5.0(10.0) Throwing
 + Level 3.2(8.2) Armour
 + Level 8.1(13.1) Dodging
 + Level 2.5(7.5) Stealth
 + Level 10.2(15.2) Shields
 + Level 16.1(21.1) Unarmed Combat
 + Level 0.1 Spellcasting
 + Level 0.5 Transmutations
 + Level 3.0 Invocations


You had 12 spell levels left.
You knew the following spells:

 Your Spells              Type           Power        Failure   Level  Hunger
a - Beastly Appendage     Tmut           #.....       47%         1    ##.....

Your spell library contained the following spells:

 Spells                   Type           Power        Failure   Level  Hunger
 Sticks to Snakes         Tmut           #.......     63%         2    ###....
 Spider Form              Tmut/Pois      #.........   88%         3    ####...
 Ice Form                 Ice/Tmut       #.......     99%         4    #####..
 Blade Hands              Tmut           #.........   100%        5    ######.
 Bolt of Magma            Conj/Fire/Erth #.........   100%        5    ######.
 Iskenderun's Battlesphe  Conj/Chrm      #.......     100%        5    ######.
 Venom Bolt               Conj/Pois      #.........   100%        5    ######.
 Iron Shot                Conj/Erth      #.........   100%        6    #######
 Orb of Destruction       Conj           #.........   100%        7    #######
 Spellforged Servitor     Conj/Summ      #.........   100%        7    #######


Dungeon Overview and Level Annotations

Branches:
Dungeon (15/15)            Temple (1/1) D:4            Lair (0/6) D:11
    Orc (0/2) D:9          Vaults (0/5) D:14        Ossuary (visited)
 Depths: D:15

Altars:
Ashenzari
Cheibriados
Dithmenos
Elyvilon
Fedhas
Gozag
Hepliaklqana
Kikubaaqudgha
Makhleb
Nemelex Xobeh
Okawaru
Qazlal
Ru
Sif Muna
Trog
Uskayaw
Vehumet
Wu Jian
Xom
Yredelemnul
Zin
The Shining One
Beogh

Shops:
D:9 ([   D:15 %

Annotations:
D:6 1 runed translucent door, ThereIsNoGod's ghost, novice OpFi
D:10 Grum
D:12 3 runed translucent doors, exclusion: 2 statues
D:15 Louise


Innate Abilities, Weirdness & Mutations

You are too large for most types of armour.
You have claws for hands.
Your metabolism is lightning-fast.
You like to eat raw meat.
Your natural rate of healing is unusually fast.
You are covered in fur. (AC +1)
You have extremely tough skin. (AC +3)
[Scrolls take you much longer to read.]
[You are very clumsy. (Dex -4)]
[You sometimes yell uncontrollably at your foes.]


Message History

A starcursed mass splits.
You scratch the starcursed mass but do no damage.
The starcursed mass is moderately damaged.
You feel like a meek peon again. You block the starcursed mass's attack.
You gain the combat prowess of a mighty hero.
The starcursed mass engulfs you.
* * * LOW HITPOINT WARNING * * *
You block the starcursed mass's attack.
A deafening chorus of shrieks assaults your mind!
* * * LOW HITPOINT WARNING * * *
You mangle the starcursed mass!!
You destroy the starcursed mass!
Okawaru accepts your kill. The starcursed mass closely misses you.
The starcursed mass barely misses you.
You claw the starcursed mass!
You destroy the starcursed mass!
Okawaru accepts your kill. A chorus of shrieks assaults your mind.
You die...

# . # .
# . ..
... .
#######
.#
.#X@..#
..# . .
#X#X##.#
...###.
ยง. #
#.# .
..#.#. #
# . #.
#.# # #
. . .. #
. ## . .
... .
... ....


You could see 3 starcursed masses.

Vanquished Creatures
  Nessos (D:12)
  Azrael (D:14)
  A yaktaur captain (D:14)
  Fannar (D:11)
  A death knight (D:11)
  3 hydras
  An ogre mage (D:15)
  4 centaur warriors
  A catoblepas (D:14)
  2 two-headed ogres (D:15)
  A queen ant (D:8)
  2 tengu warriors
  Urug (D:10)
  2 thrashing horrors (Abyss:3)
  3 wretched stars (Abyss:3)
  3 unseen horrors
  Pikel (D:8)
  A mana viper (shapeshifter) (Abyss:3)
  2 cyclopes (D:14)
  11 ugly things
  A deep elf mage (D:14)
  Joseph (D:8)
  An apocalypse crab (Abyss:3)
  A smoke demon (Abyss:3)
  2 gargoyles (D:11)
  A large abomination (Abyss:3)
  2 kobold demonologists (D:8)
  An efreet (Abyss:3)
  A komodo dragon (D:11)
  2 yaktaurs (D:14)
  A merfolk (D:9)
  An ancient zyme (Abyss:3)
  A hornet (D:9)
  Grinder (D:4)
  A hippogriff (D:10)
  A wraith (D:14)
  17 yaks
  Eustachio (D:5)
  2 fire elementals (D:14)
  3 wyverns
  2 chaos spawn (Abyss:3)
  2 vampire mosquitoes
  A hungry ghost (D:8)
  Menkaure (D:5)
  Edmund (D:5)
  6 soldier ants (D:8)
  An acid dragon (D:12)
  6 orc warriors
  3 hell hounds (D:14)
  2 slaves (D:8)
  7 ice beasts
  A black bear (D:6)
  A necrophage (D:9)
  2 phantoms
  3 eyes of draining
  12 ogres
  3 wolves
  25 centaurs
  Blork the orc (D:5)
  3 big kobolds
  9 bullfrogs
  A small abomination (Abyss:3)
  A scorpion (D:4)
  23 wights
  2 howler monkeys (D:9)
  An electric eel (D:6)
  7 crimson imps
  4 centaur zombies
  5 centaur skeletons
  11 starcursed masses (Abyss:3)
  3 quasits
  7 hounds
  2 bullfrog skeletons
  6 orc priests
  8 jellies
  4 iguanas
  Terence (D:3)
  45 worker ants
  8 orc wizards
  A big kobold zombie (Ossuary)
  4 mummies (Ossuary)
  A hound zombie (D:5)
  2 hound skeletons
  Robin (D:4)
  2 worker ant zombies
  A howler monkey skeleton (D:9)
  9 gnolls
  11 adders
  2 shadow imps
  An ufetubus (Abyss:3)
  An ooze (D:2)
  2 adder skeletons
  3 worms
  3 dart slugs
  6 leopard geckos
  45 orcs
  2 ball pythons (D:4)
  A bat zombie (D:2)
  3 giant cockroaches
  27 goblins
  9 hobgoblins
  6 quokkas
  7 bats
  2 frilled lizards (D:1)
  A giant cockroach zombie (D:2)
  A gnoll zombie (Ossuary)
  A goblin zombie (Ossuary)
  2 hobgoblin zombies (Ossuary)
  21 kobolds
  A kobold zombie (Ossuary)
  An orc zombie (Ossuary)
  A quokka zombie (D:2)
  7 rats
  A plant (D:6)
505 creatures vanquished.

Vanquished Creatures (others)
  A slave (D:8)
  8 plants (D:11)
  25 starspawn tentacles (Abyss:3)
  2 withered plants (D:6)
36 creatures vanquished.

Grand Total: 541 creatures vanquished

Notes
Turn   | Place    | Note
-------+----------+-------------------------------------------
     0 | D:1      | Ereth the Troll Fighter began the quest for the Orb.
     0 | D:1      | Reached XP level 1. HP: 22/22 MP: 0/0
   173 | D:1      | Reached XP level 2. HP: 29/29 MP: 1/1
   519 | D:2      | Reached XP level 3. HP: 36/36 MP: 2/2
   782 | D:2      | Reached skill level 3 in Unarmed Combat
   782 | D:2      | Reached XP level 4. HP: 44/44 MP: 3/3
  1198 | D:3      | Found an iron altar of Okawaru.
  1295 | D:3      | Became a worshipper of Warmaster Okawaru
  1359 | D:3      | Found a faded altar of an unknown god.
  1702 | D:3      | Noticed Terence
  1715 | D:3      | Killed Terence
  1715 | D:3      | Reached XP level 5. HP: 46/52 MP: 4/4
  1909 | D:4      | Reached skill level 4 in Unarmed Combat
  2144 | D:4      | Reached XP level 6. HP: 51/59 MP: 5/5
  2313 | D:4      | Reached * piety under Okawaru
  2357 | D:4      | Reached skill level 5 in Unarmed Combat
  2375 | D:4      | Reached XP level 7. HP: 52/67 MP: 4/6
  2500 | D:4      | Found a staircase to the Ecumenical Temple.
  2514 | Temple   | Entered the Ecumenical Temple
  2913 | D:4      | Noticed Robin
  2926 | D:4      | Killed Robin
  3250 | D:5      | Entered Level 5 of the Dungeon
  3250 | D:5      | Noticed Grinder
  3262 | D:5      | Paralysed by Grinder for 6 turns
  3365 | D:4      | Killed Grinder
  3365 | D:4      | Reached ** piety under Okawaru
  3365 | D:4      | Reached skill level 6 in Unarmed Combat
  3453 | D:5      | Noticed Eustachio
  3467 | D:5      | Killed Eustachio
  3496 | D:5      | Noticed Menkaure
  3498 | D:5      | Noticed Blork the orc
  3785 | D:5      | Killed Blork the orc
  3795 | D:5      | Killed Menkaure
  3795 | D:5      | Reached skill level 1 in Throwing
  3795 | D:5      | Reached XP level 8. HP: 63/75 MP: 3/7
  3969 | D:5      | Noticed Edmund
  3978 | D:5      | Killed Edmund
  3993 | D:5      | Reached skill level 7 in Unarmed Combat
  4453 | D:6      | Found a sand-covered staircase.
  4462 | Ossuary  | Entered an ossuary
  4529 | Ossuary  | Reached skill level 1 in Stealth
  4572 | Ossuary  | Reached *** piety under Okawaru
  4648 | Ossuary  | Reached skill level 1 in Invocations
  4710 | D:6      | Identified a scroll of acquirement
  4824 | D:6      | Reached skill level 5 in Dodging
  4846 | D:6      | Reached skill level 8 in Unarmed Combat
  4857 | D:6      | Found a runed translucent door.
  4884 | D:6      | Noticed ThereIsNoGod's ghost (novice OpFi)
  5101 | D:7      | Reached XP level 9. HP: 83/83 MP: 8/8
  5113 | D:6      | Received a gift from Okawaru
  5446 | D:7      | Reached skill level 9 in Unarmed Combat
  5475 | D:7      | Reached skill level 5 in Shields
  5907 | D:8      | Noticed a kobold demonologist
  5909 | D:8      | Noticed a kobold demonologist
  5914 | D:8      | Noticed a red devil
  5916 | D:8      | Noticed an orange demon
  5922 | D:8      | Killed a kobold demonologist
  5922 | D:8      | Reached **** piety under Okawaru
  5999 | D:8      | Killed a kobold demonologist
  6231 | D:8      | Noticed Joseph
  6245 | D:8      | Killed Joseph
  6245 | D:8      | Reached skill level 10 in Unarmed Combat
  6245 | D:8      | Reached XP level 10. HP: 89/92 MP: 9/9
  6316 | D:8      | Noticed Pikel
  6327 | D:8      | Killed Pikel
  6327 | D:8      | Reached ***** piety under Okawaru
  6406 | D:8      | Noticed a queen ant
  6423 | D:8      | Killed a queen ant
  6423 | D:8      | Received a gift from Okawaru
  6531 | D:8      | Reached skill level 11 in Unarmed Combat
  6538 | D:8      | Received a gift from Okawaru
  6874 | D:9      | Found a roughly hewn altar of Beogh.
  6874 | D:9      | Found a staircase to the Orcish Mines.
  6940 | D:9      | Received a gift from Okawaru
  7023 | D:9      | Found Timnirr's Antique Armour Shoppe.
  7147 | D:9      | Reached XP level 11. HP: 100/100 MP: 11/11
  7220 | D:9      | Learned a level 1 spell: Beastly Appendage
  7385 | D:9      | Received a gift from Okawaru
  7387 | D:9      | Reached skill level 12 in Unarmed Combat
  7527 | D:9      | Found Uruduh's Weapon Shop.
  7757 | D:10     | Entered Level 10 of the Dungeon
  7954 | D:10     | Noticed Urug
  7975 | D:10     | Killed Urug
  8194 | D:10     | Noticed Grum
  8553 | D:10     | Noticed an unseen horror
  8585 | D:10     | Killed an unseen horror
  9190 | D:11     | Noticed a purple ugly thing
  9199 | D:11     | Killed a purple ugly thing
  9520 | D:11     | Found a staircase to the Lair.
  9529 | D:11     | Received a gift from Okawaru
  9601 | D:11     | Noticed a death knight
  9616 | D:11     | Killed a death knight
  9616 | D:11     | Reached skill level 13 in Unarmed Combat
  9715 | D:11     | Noticed Fannar
  9734 | D:11     | Killed Fannar
  9734 | D:11     | Reached XP level 12. HP: 64/109 MP: 9/12
 10127 | D:12     | Noticed Nessos
 10588 | D:12     | Killed Nessos
 10728 | D:12     | Reached skill level 14 in Unarmed Combat
 10732 | D:12     | Received a gift from Okawaru
 10740 | D:12     | Got smoking swamp dragon scales {god gift}
 10751 | D:12     | Identified the +6 swamp dragon scales of Fitut {rPois
                  | Int+2} (Okawaru gifted it to you on level 12 of the
                  | Dungeon)
 10793 | D:12     | Found a runed translucent gate.
 10793 | D:12     | Found a runed translucent gate.
 10793 | D:12     | Found a runed translucent gate.
 10793 | D:12     | Noticed a brown very ugly thing
 11204 | D:13     | Noticed a centaur warrior
 11217 | D:13     | Killed a centaur warrior
 11339 | D:13     | Found a glowing golden altar of the Shining One.
 11460 | D:13     | Noticed a centaur warrior
 11468 | D:13     | Killed a centaur warrior
 11588 | D:13     | Found a blossoming altar of Fedhas.
 11613 | D:13     | Noticed a six-headed hydra
 11622 | D:13     | Killed a 12-headed hydra
 11622 | D:13     | Reached skill level 1 in Armour
 11956 | D:14     | Reached XP level 13. HP: 117/117 MP: 10/13
 12094 | D:14     | Received a gift from Okawaru
 12142 | D:14     | Noticed Azrael
 12144 | D:14     | Reached skill level 15 in Unarmed Combat
 12151 | D:14     | Killed Azrael
 12251 | D:13     | Reached skill level 5 in Fighting
 12311 | D:14     | Received a gift from Okawaru
 12340 | D:14     | Received a gift from Okawaru
 12550 | D:14     | Found a gate to the Vaults.
 12755 | D:15     | Entered Level 15 of the Dungeon
 12755 | D:15     | Found Hivaos's Food Boutique.
 12826 | D:15     | Received a gift from Okawaru
 12909 | D:15     | Reached skill level 10 in Shields
 13017 | D:15     | Noticed Louise
 13033 | D:15     | Cast into level 3 of the Abyss (Louise)
 13103 | Abyss:3  | Received a gift from Okawaru
 13117 | Abyss:3  | Noticed a tentacled starspawn
 13118 | Abyss:3  | Noticed a starcursed mass
 13191 | Abyss:3  | Noticed a starcursed mass
 13192 | Abyss:3  | Noticed a tentacled starspawn
 13207 | Abyss:3  | Reached skill level 5 in Throwing
 13265 | Abyss:3  | Reached skill level 16 in Unarmed Combat
 13334 | Abyss:3  | Reached XP level 14. HP: 22/127 MP: 12/15
 13361 | Abyss:3  | Noticed a starcursed mass
 13376 | Abyss:3  | HP: 2/127 [starcursed mass/accursed screaming (9)]
 13378 | Abyss:3  | Killed from afar by a starcursed mass

Levels and vault maps discovered:
D:1:      wander_arrival_fairy_ring, layout_rooms, chequers_arboretum
D:2:      layout_loops_ring, serial_undead, serial_undead_d, serial_undead_e,
          serial_undead_a, serial_undead_a, serial_undead_e
D:3:      kennysheep_the_goblin_king, layout_loops_cross,
          okawaru_altar_gauntlet_db, chequers_ecumenical_altar_simple,
          uniq_terence
D:4:      layout_layer_cave, minmay_temple_entry_glassed_door,
          saegor_snake_ambush, uniq_robin
D:5:      layout_basic, first_ration, uniq_eustachio, uniq_grinder, uniq_edmund,
          uniq_menkaure, uniq_blork_the_orc
D:6:      layout_rooms, enter_ossuary_1, gammafunk_ghost_grave,
          serial_bayou_lagoon_a, minmay_misc_feat_four_crosses
D:7:      layout_cave_pools
D:8:      layout_gridville, zaba_antful_of_joy, uniq_joseph, uniq_pikel
D:9:      layout_cave_pools, david_orc_5, serial_shops, shop,
          nicolae_shop_crystal, minivault_10, hangedman_fish_farm
D:10:     layout_irregular_city, uniq_grum, uniq_urug
D:11:     layout_loops_ring, david_lair_shrubbed, uniq_fannar
D:12:     layout_rooms, ploomutoo_gammafunk_ghost_potion_laboratory,
          minmay_dual_archer_statues, uniq_nessos
D:13:     layout_roguey, kennysheep_flooded_box, fedhas_bush_and_centaur_altar
D:14:     layout_cave_pools, david_vaults_2, serial_park, serial_park_tiny_1,
          minmay_unpleasant_kobolds, uniq_azrael
D:15:     gammafunk_depths_entry_grave, layout_loops_ring, serial_park_paths
          [serial_park_minivault_5x5_5], serial_shops, shop, minivault_27,
          uniq_louise
Temple:   roderic_octagonal_lattice_temple
Abyss:3:  base: D:13, evilmike_abyss_exit_16, grunt_abyss_rune_wretched_hive,
          minivault_22, dshaligram_kb_abyss_rune_zappy_water_cross

Skill      XL: |  1  2  3  4  5  6  7  8  9 10 11 12 13 |
---------------+----------------------------------------+-----
Unarmed Combat | 3 4 5 6 8 10 11 13 14 16 | 16.1
Shields        | 3 4 5 6 7 9 10 | 10.2
Dodging        | 3 4 5 6 7 8 |  8.1
Fighting       | 3 4 5 |  5.2
Throwing       | 1 2 3 4 5 |  5.0
Stealth        | 1 2 |  2.5
Invocations    | 1 2 3 |  3.0
Armour         | 1 3 |  3.2
Spellcasting   | |  0.1
Transmutations | |  0.5

Action                   |  1- 3 |  4- 6 |  7- 9 | 10-12 | 13-15 || total
-------------------------+-------+-------+-------+-------+-------++-------
Melee: Unarmed           |    94 |   135 |   339 |   707 |   249 ||  1524
Throw: Boomerang         |       |       |    31 |    66 |    19 ||   116
 Cast: Beastly Appendage |       |       |       |     1 |       ||     1
Invok: Heroism           |       |     1 |     8 |    26 |    14 ||    49
  Use: Scroll            |       |       |    16 |    10 |     6 ||    32
       Potion            |       |       |       |     2 |     1 ||     3
 Stab: Sleeping          |       |       |     3 |     1 |       ||     4
  Eat: Chunk             |    13 |    12 |    42 |    54 |    10 ||   131
       Ration            |       |       |     3 |       |       ||     3
Armor: Robe              |    37 |    49 |    85 |    91 |       ||   262
       Swamp dragon scal |       |       |       |    75 |    97 ||   172
Dodge: Dodged            |    33 |    46 |   119 |   302 |   124 ||   624
Block: Shield            |    43 |    65 |   163 |   507 |   194 ||   972
